AoeStats
← ZHI

Enclosed

504429897Analyzed
1v1 RM · 29d ago on Sep 5, 2026· 70m 5s· 2 players
Game mode
Random Map
Map size
Tiny (2 player)
Population
200
Speed
Normal
Resources
Standard
Victory
Conquest
Starting age
Dark Age
Ending age
Imperial Age
RankedLock teamsTeams togetherTeam positionsShared explorationLock speedFull tech treeHidden civsTurbo modeCheats
Victory
Defeat
🇹🇷 Japanese · Türkiye
1223
+15
🇹🇼 Burgundians · Taiwan
1202
-15
ZHI
3:47 Double-Bit Axe
6:49 Loom
9:05 Feudal Age
10:39 Bow Saw
12:20 Horse Collar
14:17 Scale Mail Armor
14:19 Gold Mining
16:23 Wheelbarrow
21:00 Castle Age
19:51 Forging
21:22 Gold Shaft Mining
21:39 Scale Barding Armor
22:15 Husbandry
24:55 Squires
26:38 Cavalier
30:20 Stone Mining
32:05 Hand Cart
31:35 Town Watch
31:41 Town Watch
31:45 Elite Skirmisher
35:51 Chain Barding Armor
36:08 Iron Casting
39:26 Imperial Age
37:32 Chain Mail Armor
38:24 Burgundian Vineyards
42:43 Chemistry
42:44 Paladin
44:21 Plate Barding Armor
45:35 Blast Furnace
45:38 Fletching
47:16 Bodkin Arrow
49:24 Chemistry
48:45 Ballistics
48:36 Masonry
48:45 Flemish Revolution
51:13 Plate Mail Armor
57:20 Bracer
58:27 Murder Holes
59:51 Padded Archer Armor
63:06 Architecture
TahRibat
9:55 Feudal Age
10:09 Man-at-Arms
11:47 Scale Mail Armor
13:14 Loom
15:30 Fletching
17:44 Double-Bit Axe
19:26 Forging
19:08 Arson
23:34 Castle Age
22:19 Padded Archer Armor
24:00 Gold Mining
23:55 Horse Collar
23:46 Crossbowman
24:26 Bodkin Arrow
24:35 Squires
24:36 Long Swordsman
25:42 Thumb Ring
27:24 Chain Mail Armor
29:40 Iron Casting
29:41 Gambesons
30:31 Pikeman
31:36 Bow Saw
34:51 Ballistics
38:07 Wheelbarrow
44:13 Imperial Age
43:14 Hand Cart
45:23 Parthian Tactics
44:29 Two-Handed Swordsman
45:31 Bracer
46:02 Plate Mail Armor
45:41 Halberdier
48:10 Blast Furnace
49:17 Capped Ram
49:34 Champion
53:49 Heavy Plow
54:57 Leather Archer Armor
56:20 Heavy Cavalry Archer
63:47 Gold Shaft Mining
64:14 Two-Man Saw
64:52 Chemistry
68:33 Ring Archer Armor
Connection lost

Rejoining the realm…

Still unreachable

The connection could not be restored.

Session expired

The server has moved on; the page needs a fresh start.